 Dungeon Crawl Stone Soup version 0.28-a0-1182-g381e24db82 (webtiles) character file.

Game seed: 7044509506534002201

67 LadyOphelia the Grave Robber (level 3, -5/25 HPs)
             Began as a Vampire Necromancer on Dec 17, 2021.
             Slain by a gnoll (9 damage)
             ... on level 2 of the Dungeon.
             The game lasted 00:05:28 (2207 turns).

LadyOphelia the Grave Robber (Vampire Necromancer)  Turns: 2207, Time: 00:05:29

Health: -5/25      AC:  2    Str:  7    XL:     3   Next: 98%
Magic:  2/6        EV: 12    Int: 19    God:
Gold:   42         SH:  0    Dex: 14    Spells: 2/7 levels left

rFire   . . .      SeeInvis +   j - +0 dagger
rCold   . . .      Faith    .   (no shield)
rNeg    . . .      Spirit   .   a - +0 robe
rPois   .          Reflect  .   (no helmet)
rElec   .          Harm     .   (no cloak)
rCorr   .          Rampage  .   (no gloves)
Will    .....                   (no boots)
Stlth   ++........              (no amulet)
HPRegen 0.28/turn               (no ring)
MPRegen 0.10/turn               (no ring)

@: very slightly contaminated, healing quickly
A: alive, fangs 3, see invisible, vampiric 2
a: Exsanguinate


You were on level 2 of the Dungeon.
You visited 1 branch of the dungeon, and saw 2 of its levels.

You collected 42 gold pieces.

Inventory:

Hand Weapons
 j - a +0 dagger (weapon)
Armour
 a - a +0 robe (worn)
Jewellery
 b - an amulet of faith
Scrolls
 c - a scroll of teleportation {unknown}
 d - a scroll of identify
 g - a scroll of fog {unknown}
Potions
 e - a potion of degeneration {unknown}
 f - a potion of attraction
 h - a potion of heal wounds {unknown}
 i - a potion of berserk rage {unknown}


   Skills:
 + Level 0.4 Fighting
 + Level 2.4 Dodging
 + Level 3.1 Stealth
 + Level 1.5 Unarmed Combat
 + Level 2.6 Spellcasting
 + Level 5.1 Necromancy


You had 2 spell levels left.
You knew the following spells:

 Your Spells              Type           Power      Damage    Failure   Level
a - Pain                  Necr           88%        1d8       1%          1
b - Animate Skeleton      Necr           44%        N/A       1%          1
c - Vampiric Draining     Necr           22%        2d7       6%          3

Your spell library contained the following spells:

 Spells                   Type           Power      Damage    Failure   Level
 Animate Dead             Necr           11%        N/A       19%         4
 Agony                    Necr           22%        N/A       47%         5


Dungeon Overview and Level Annotations

Branches:
Dungeon (2/15)

Altars:

Annotations:
D:2 Terence


Innate Abilities, Weirdness & Mutations

Your natural rate of healing is accelerated.
You have razor-sharp teeth.
You have supernaturally acute eyesight. (SInv)
You are afflicted with vampirism and can become a bat while bloodless.


Message History

Terence the Incautious comes into view.
He is wielding a +0 short sword.
An adder comes into view.
There are monsters nearby!
There is an open door here.
You see here a +0 spear.
There is an open door here.
Things that are here:
a +0 dagger; a goblin corpse
j - a +0 dagger
j - a +0 dagger (weapon)
The adder hisses angrily.
The adder writhes in agony.
Terence shouts!
You hear a shout!
A gnoll comes into view. It is wielding a +0 club.
The adder writhes in agony.
You kill the adder!
Your Necromancy skill increases to level 5!
Terence writhes in agony.
A gnoll comes into view. It is wielding a +0 mace.
You miscast Pain.
You are very lightly contaminated with residual magic.
Nothing appears to happen.
Terence writhes in agony.
Terence hits you with a +0 short sword.
You hit Terence but do no damage.
Terence is moderately wounded.
Terence barely misses you.
You barely miss Terence.
Terence is moderately wounded.
Terence hits you with a +0 short sword.
You barely miss Terence. You bite Terence.
Terence is moderately wounded.
Terence hits you with a +0 short sword. The gnoll hits you with a +0 club.
* * * LOW HITPOINT WARNING * * *
You hit Terence but do no damage.
Terence is moderately wounded.
Terence completely misses you. The gnoll completely misses you.
You hit Terence but do no damage. Your bite misses Terence.
Terence is moderately wounded.
The gnoll hits you with a +0 mace!
You die...

. #....#########
#............ #....#
...#.# #....#
##.#.###### #....#
#..........
#....#.#..#.######
#g@g.#.#..#.# #####
#.@....#..#.###...#
##.....#..#.......#
#.....#..#.......#
#.....#..#.......#
#.....#..#.......'
#................#
####..........###...#
#.............+......
#.......#.....######.


You could see Terence and 2 gnolls.

Vanquished Creatures
  3 adders (D:2)
  3 dart slugs
  2 ball pythons
  3 endoplasms (D:1)
  2 giant cockroaches (D:1)
  A goblin (D:2)
  3 hobgoblins
  5 quokkas
  2 bats
  8 frilled lizards (D:1)
  4 rats (D:1)
36 creatures vanquished.

Vanquished Creatures (others)
  6 plants (D:1)
6 creatures vanquished.

Grand Total: 42 creatures vanquished

Notes
Turn   | Place    | Note
-------+----------+-------------------------------------------
     0 | D:1      | LadyOphelia the Vampire Necromancer began the quest for the
                  | Orb.
     0 | D:1      | Reached XP level 1. HP: 13/13 MP: 3/3
   313 | D:1      | Reached XP level 2. HP: 15/19 MP: 5/5
   331 | D:1      | Learned a level 1 spell: Animate Skeleton
   729 | D:1      | Reached skill level 1 in Unarmed Combat
  1231 | D:1      | Gained mutation: You are afflicted with vampirism and can
                  | become a bat while bloodless. [Vampire growth]
  1231 | D:1      | Reached XP level 3. HP: 22/24 MP: 3/6
  1868 | D:2      | Learned a level 3 spell: Vampiric Draining
  2049 | D:2      | Found a faded altar of an unknown god.
  2136 | D:2      | Noticed Terence
  2200 | D:2      | Reached skill level 5 in Necromancy
  2207 | D:2      | Slain by a gnoll

Illustrated notes

Levels and vault maps discovered:
D:1:      eino_arrival_water_star, layout_basic, minmay_lizard_king
D:2:      layout_basic, hellmonk_ecumenical_altar_leap_of_faith, uniq_terence

Skill      XL: |  1  2  3 |
---------------+----------+-----
Unarmed Combat | 1 |  1.5
Necromancy     | 5 |  5.1
Fighting       | |  0.4
Dodging        | |  2.4
Stealth        | |  3.1
Spellcasting   | |  2.6

Action                   || total
-------------------------++-------
Melee: Unarmed           ||   115
       Bite              ||    14
       Dagger            ||     5
 Cast: Pain              ||    40
       Animate Skeleton  ||     2
  Use: Potion            ||     2
       Scroll            ||     1
 Stab: Sleeping          ||     3
Armor: Robe              ||    11
Dodge: Dodged            ||    72

Table legend: (Time is in decaauts)
 A = Elapsed time spent in this place.
 B = Non-inter-level travel time spent in this place.
 C = Inter-level travel time spent in this place.
 D = Time resting spent in this place.
 E = Time spent auto-exploring this place.
 F = Levels seen in this place.
 G = Mean time per level.
                   A        B        C        D        E       F      G
               +--------+--------+--------+--------+--------+-----+--------+
         Total |   2206 |   2146 |     60 |    544 |   1188 |   2 | 1103.0 |
       Dungeon |   2206 |   2146 |     60 |    544 |   1188 |   2 | 1103.0 |
               +--------+--------+--------+--------+--------+-----+--------+

Top non-repeatable levels by time:
     D:1: 1478 daAuts
     D:2: 728 daAuts
